 Dungeon Crawl Stone Soup version 0.24-a0-189-g5d897e9 (webtiles) character file.

Game seed: 772579403629896385

473 nikopol the Magician (level 6, -5/32 HPs)
             Began as a Deep Elf Fire Elementalist on Mar 17, 2019.
             Killed from afar by an orc wizard (10 damage)
             ... with a puff of frost
             ... on level 4 of the Dungeon.
             The game lasted 00:11:49 (4035 turns).

nikopol the Magician (Deep Elf Fire Elementalist)   Turns: 4035, Time: 00:11:50

Health: -5/32      AC:  5    Str:  5    XL:     6   Next: 84%
Magic:  14/16      EV: 13    Int: 22    God:
Gold:   240        SH:  0    Dex: 15    Spells: 1/16 levels left

rFire    . . .     SeeInvis .   r - +0 short sword (elec)
rCold    . . .     Gourm    .   (no shield)
rNeg     + . .     Faith    .   w - +2 robe {rN+}
rPois    .         Spirit   .   m - +1 hat
rElec    .         Reflect  .   (no cloak)
rCorr    .         Harm     .   (no gloves)
MR       .....                  (no boots)
Stlth    ++........             (no amulet)
HPRegen  0.10/turn              (no ring)
MPRegen  0.15/turn              (no ring)

@: no status effects
A: no striking features
a: no special abilities


You were on level 4 of the Dungeon.
You were hungry.

You visited 1 branch of the dungeon, and saw 4 of its levels.
You also visited: Sewer.

You collected 240 gold pieces.

Inventory:

Hand Weapons
 r - a +0 short sword of electrocution (weapon)
Armour
 a - a +0 robe
 m - a +1 hat (worn)
 p - a +1 ring mail of poison resistance
 w - a +2 robe of positive energy (worn)
Jewellery
 y - an uncursed amulet of magic regeneration {unknown}
Wands
 u - a wand of random effects (15)
Scrolls
 g - 3 scrolls of identify
 h - 2 scrolls of enchant armour
 i - 7 scrolls of teleportation
 j - 2 scrolls of remove curse {unknown}
 l - 2 scrolls of blinking {unknown}
 o - 5 scrolls of magic mapping {unknown}
Potions
 b - 2 potions of curing {unknown}
 d - 2 potions of heal wounds {unknown}
 e - a potion of degeneration {unknown}
 k - a potion of resistance {unknown}
 n - a potion of magic {unknown}
 q - a potion of might {unknown}
 s - 3 potions of brilliance {unknown}
 t - a potion of flight {unknown}
 v - a potion of lignification {unknown}
 x - a potion of agility {unknown}
Comestibles
 c - 6 rations


   Skills:
 * Level 2.1 Armour
 + Level 3.1 Dodging
 + Level 3.0 Stealth
 + Level 5.5 Spellcasting
 + Level 4.0 Conjurations
 + Level 5.0 Fire Magic


You had one spell level left.
You knew the following spells:

 Your Spells              Type           Power        Failure   Level  Hunger
a - Flame Tongue          Conj/Fire      ####.        1%          1    None
b - Throw Flame           Conj/Fire      ####..       2%          2    None
c - Conjure Flame         Conj/Fire      ####....     4%          3    ##.....
d - Sticky Flame          Conj/Fire      ####....     16%         4    ####...
e - Fireball              Conj/Fire      ####......   38%         5    #####..

Your spell library contained the following spells:

 Spells                   Type           Power        Failure   Level  Hunger
 Inner Flame              Hex/Fire       ###.....     11%         3    ##.....


Dungeon Overview and Level Annotations

Branches:
Dungeon (4/15)
 Temple: D:4-7

Altars:
Xom
Zin


Message History

Confirm with . or Enter, or press ? or * to list all spells.
You can't see any susceptible monsters within range! (Use Z to cast anyway.)
An orc wizard comes into view. It is wielding a +0 dagger.
The orc priest begins to cast a cantrip, but forgets the words!
The orc priest invokes the aid of Beogh against you.
Beogh smites you!
* * * LOW HITPOINT WARNING * * *
The orc misses you.
The orc wizard shouts!
Casting: Flame Tongue (safe; 1% risk of failure)
Confirm with . or Enter, or press ? or * to list all spells.
Aiming: Flame Tongue (safe; 1% risk of failure)
Press: ? - help, Shift-Dir - straight line, f/p - orc
Aim: an orc, wearing a +0 ring mail (heavily wounded)
The flame tongue hits the orc.
The orc is almost dead.
The orc wizard shouts!
The orc wizard points at you and mumbles some strange words.
The puff of frost hits you!
You die...

.##.###.###.###.##.##.#..#..#####
.##.........................##...
.######.###.###.##.##.#..#.......
.######.###........##.#..#..##.#.
............#............#..##.#.
.######.###.#.#.#...........##.##
.# #.# #.#.###.#.###.##.## .# #.#
#.#.#o#.###.#........## .# #.#
#.o...@...........#.... .#
...oo.o.##..###.#####.#..## .#
#..##. .................. .. ..
##..###.#####.#.### .. .... #.#.#
.# #..## #.#.# #... #.#.# #.##
#.# #..


You could see 2 orc priests, 2 orc wizards and an orc.

Vanquished Creatures
  A scorpion (D:4)
  2 orc priests (D:4)
  An orc wizard (D:4)
  A hound (D:4)
  A worker ant (D:4)
  12 adders
  5 river rats
  An adder skeleton (D:4)
  2 worms
  9 dart slugs
  4 leopard geckos
  6 orcs (D:3)
  6 ball pythons
  6 giant cockroaches
  8 goblins
  6 hobgoblins
  4 jackals
  9 kobolds
  A quokka (D:2)
  7 bats
  8 frilled lizards
  14 rats
114 creatures vanquished.

Notes
Turn   | Place    | Note
-------+----------+-------------------------------------------
     0 | D:1      | nikopol the Deep Elf Fire Elementalist began the quest for
                  | the Orb.
     0 | D:1      | Reached XP level 1. HP: 10/10 MP: 6/6
   259 | D:1      | Reached XP level 2. HP: 15/15 MP: 6/8
   660 | D:1      | Reached XP level 3. HP: 19/19 MP: 6/9
  1248 | D:2      | Reached XP level 4. HP: 20/24 MP: 6/11
  1533 | D:2      | Found a shimmering altar of Xom.
  1533 | D:2      | Noticed an angel
  1548 | D:2      | Found a glowing silver altar of Zin.
  1999 | D:3      | Reached XP level 5. HP: 27/28 MP: 10/13
  2017 | D:3      | Found a glowing drain.
  2021 | Sewer    | Entered a sewer
  2275 | Sewer    | Reached skill level 1 in Armour
  2287 | Sewer    | Learned a level 2 spell: Throw Flame
  2291 | Sewer    | Learned a level 3 spell: Conjure Flame
  2302 | Sewer    | Learned a level 4 spell: Sticky Flame
  3265 | D:4      | Reached XP level 6. HP: 32/32 MP: 11/15
  3409 | D:4      | Reached skill level 5 in Spellcasting
  3659 | D:4      | Reached skill level 5 in Fire Magic
  3832 | D:3      | Learned a level 5 spell: Fireball
  4035 | D:4      | Killed from afar by an orc wizard

Levels and vault maps discovered:
D:1:      wheals_arrival_linesprint, layout_loops_ring
D:2:      minmay_recursive_quarters, layout_rooms,
          grunt_temple_overflow_order_and_chaos_1, first_ration
D:3:      layout_rooms, lightli_sewer_entry_pipes
D:4:      layout_basic, fountainhead
Sewer:    sewer_co_cracked_pipes

Skill      XL: |  1  2  3  4  5  6 |
---------------+-------------------+-----
Fire Magic     | 4 5 |  5.0
Dodging        | 3 |  3.1
Conjurations   | 2 3 4 |  4.0
Spellcasting   | 4 5 |  5.5
Stealth        | 3 |  3.0
Armour         | 1 2 |  2.1

Action                   |  1- 3 |  4- 6 || total
-------------------------+-------+-------++-------
Melee: Short sword       |       |     2 ||     2
 Cast: Flame Tongue      |    75 |   145 ||   220
  Use: Scroll            |       |     4 ||     4
  Eat: Chunk             |       |     9 ||     9
Armor: Robe              |    13 |       ||    13
       Ring mail         |       |    40 ||    40
Dodge: Dodged            |    44 |    52 ||    96

Table legend:
 A = Non-vault XP
 B = Vault XP
 C = Vault XP percentage of total XP
 D = Non-vault monster count
 E = Vault monster count
 F = Vault count percentage of total count
                 A         B        C        D         E       F
            +---------+---------+-------+---------+---------+-------
      Total |     489 |     188 |  27.8 |      74 |      40 |  35.1
            +---------+---------+-------+---------+---------+-------
        D:1 |      66 |       0 |   0.0 |      30 |       0 |   0.0
        D:2 |      44 |      26 |  37.1 |      10 |       7 |  41.2
        D:3 |      56 |      89 |  61.4 |      19 |      11 |  36.7
        D:4 |     323 |       0 |   0.0 |      15 |       0 |   0.0
      Sewer |       0 |      73 | 100.0 |       0 |      22 | 100.0
            +---------+---------+-------+---------+---------+-------
